[Event "*** Titled Tuesday Blitz"]
[Site "Chess.com"]
[Date "2021.03.09"]
[Round "2"]
[White "RobertoJBM"]
[Black "zeitnot2006"]
[Result "1/2-1/2"]
[WhiteElo "2723"]
[BlackElo "2509"]
[TimeControl "180+1"]
[EndTime "10:20:34 PST"]
[Termination "Game drawn by 50-move rule"]

1. d4 a6 2. e4 e6 3. Nf3 d5 4. Nbd2 c5 5. exd5 Qxd5 6. Bc4 Qd8 7. dxc5 Bxc5 8. O-O b5 9. Bb3 Bb7 10. Qe2 Nf6 11. a4 Qb6 12. axb5 axb5 13. Rxa8 Bxa8 14. Ne5 O-O 15. Nd3 Bd6 16. Nf3 Qc7 17. h3 Bd5 18.
Bxd5 Nxd5 19. c3 Nd7 20. Be3 Qc4 21. Rd1 Ra8 22. Nc1 Qxe2 23. Nxe2 Ra2 24. Bc1 Nc5 25.
Nfd4 b4 26. cxb4 Nxb4 27. Nxe6 Nxe6 28. Rxd6 h6 29. f4 Nc5 30. Rd1 Nb3 31. Be3 Rxb2 32. Nd4 Nxd4 33. Bxd4 Rc2 34. f5 Nd5 35. f6 Nf4 36.
fxg7 Ne2+ 37. Kh2 Nxd4 38. Rxd4 Kxg7 39. Rg4+ Kh7 40. Rg3 Rc6 41. Rf3 Kg7 42. Kg3 Rg6+ 43. Kf2 Ra6 44. Kg1 Ra1+ 45. Kh2 Ra6 46. Re3 Rg6 47.
g4 Rb6 48. Kg3 Kg6 49. Kh4 Ra6 50. Rd3 Rb6 51. Rd4 Ra6 52. Rc4 Rb6 53. Rc3 Ra6 54.
Kg3 Rb6 55. h4 h5 56. gxh5+ Kxh5 57. Rc5+ Kg6 58. h5+ Kh6 59. Kg4 Rb4+ 60. Kf5 Rb1 61. Kf6 Rf1+ 62. Rf5 Rxf5+ 63. Kxf5 Kg7 64. Kg5 Kh8 65.
Kf6 Kg8 66. h6 Kh8 67. Kxf7 Kh7 68. Kf6 Kh8 69. Kf5 Kg8 70. Kf4 Kh8 71. Kg4 Kg8 72.
Kh5 Kh8 73. Kg5 Kg8 74. Kh4 Kh8 75. Kh3 Kg8 76. Kg4 Kh8 77. Kf3 Kg8 78. Ke4 Kh8 79.
Ke5 Kg8 80. Ke6 Kh8 81. Kf6 Kg8 82. Kg6 Kh8 83. Kf7 Kh7 84. Ke7 Kh8 85. Ke8 Kg8 86. Kd7 Kh8 87. Kd6 Kg8 88. Kd5 Kh8 89. Kc5 Kg8 90. Kc4 Kh8 91. Kd4 Kg8 92. Kd3 Kh8 93. Kc3 Kg8 94. Kc2 Kh8 95. Kd2 Kg8 96. Kd1 Kh8 97.
Ke2 Kg8 98. Ke1 Kh8 99. Kf2 Kg8 100. Kg1 Kh8 101. Kg2 Kg8 102. Kh2 Kh8 103. Kh1 Kg8 104. Kg2 Kh8 105. Kf3 Kg8 106. Ke4 Kh8 107. Kd5 Kg8 108. Kc6 Kh8 109. Kb7 Kh7 110. Ka8 Kg8 111. Ka7 Kh8 112. Kb8 Kg8 113. Kc7 Kh8 114. Kb6 Kg8 115. Ka5 Kh8 116. Kb4 Kg8 117. Kc5 1/2-1/2

[Event "*** Titled Tuesday Blitz"]
[Site "Chess.com"]
[Date "2021.03.09"]
[Round "2"]
[White "Maddie"]
[Black "lucachess49"]
[Result "0-1"]
[WhiteElo "2069"]
[BlackElo "2394"]
[TimeControl "180+1"]
[EndTime "10:20:35 PST"]
[Termination "lucachess49 won by resignation"]

1. d4 Nf6 2. c4 e6 3. Nc3 Bb4 4. Bd2 O-O 5. Nf3 d5 6. e3 Nbd7 7. Bd3 h6 8. O-O a6 9. a3 Bd6 10. c5 Be7 11. b4 c6 12. a4 Qc7 13. b5 axb5 14. axb5 Rxa1 15. Qxa1 e5 16. b6 Qb8 17.
Qb2 e4 18. Be2 exf3 19. Bxf3 Nxc5 20. dxc5 Bxc5 21. Ra1 Bg4 22. Bxg4 Nxg4 23. g3 Qd8 24. Ne2 Qxb6 25. Qxb6 Bxb6 26. Rb1 Bc5 27. Rxb7 Rc8 28. Rb1 Ne5 29. Rc1 Ba3 30. Rc2 Bd6 31. Nd4 c5 32. Nf5 Bf8 33. f4 Nf3+ 34. Kf2 Nxd2 35. Rxd2 g6 36.
Nh4 Rd8 37. Nf3 Bg7 38. Rc2 c4 39. Ke2 Kf8 40. Rd2 Ke7 41. Nd4 Bxd4 42. Rxd4 Ke6 43. e4 Rd7 44. exd5+ Rxd5 45. Rxc4 Kf5 46. Kf3 Rd3+ 47.
Ke2 Ra3 48. Rc2 Kg4 49. Kf2 Kh3 50. Rc7 Kxh2 51. Rxf7 Rxg3 52. Rh7 h5 53. Rh6 Rg4 54. Kf3 Rg3+ 55. Ke4 Kh3 56. Ke5 Kh4 57. f5 gxf5 58.
Kxf5 Rg8 59. Kf4 Rf8+ 60. Ke3 Kg4 61. Rg6+ Kh3 62. Ke2 h4 63. Ke3 Kh2 64. Ke2 h3 65. Ke1 Kh1 66. Ke2 Rf5 67. Ke3 Rf1 68. Ke2 Rg1 69. Rh6 h2 70. Kf2 Rg2+ 71. Kf1 Rg1+ 72. Kf2 Rg8 73. Rh7 Rf8+ 74. Kg3 Kg1 75. Rxh2 Rg8+ 76.
Kh3 Rh8+ 0-1

[Event "*** Titled Tuesday Blitz"]
[Site "Chess.com"]
[Date "2021.03.09"]
[Round "2"]
[White "Volodar_Murzin"]
[Black "Rap_woyska"]
[Result "0-1"]
[WhiteElo "2664"]
[BlackElo "2498"]
[TimeControl "180+1"]
[EndTime "10:20:42 PST"]
[Termination "Rap_woyska won on time"]

1. e4 e6 2. d4 d5 3. Nc3 Nf6 4.
e5 Nfd7 5. Nce2 c5 6. c3 Nc6 7. f4 b5 8. a3 cxd4 9. Nxd4 Nxd4 10. cxd4 b4 11. Nf3 Be7 12. Bd2 Qb6 13. a4 Ba6 14. a5 Qb7 15. Bxa6 Qxa6 16. Qe2 Nb8 17. Rc1 Qxe2+ 18.
Kxe2 Kd7 19. Rc2 Nc6 20. Ra1 Rhc8 21. Ke3 h6 22. g4 b3 23. Rcc1 Rab8 24. Ra4 a6 25. Ne1 Rc7 26. Nd3 Rb5 27. f5 Nd8 28. Rxc7+ Kxc7 29. fxe6 fxe6 30. Ke2 Nc6 31. Bc3 Kd7 32. Kd1 Ke8 33. Ke2 Kf7 34. Ne1 Bd8 35.
Nf3 Bxa5 36. Kd3 Bxc3 37. Kxc3 a5 38. Ne1 Kg6 39. Nd3 Kg5 40. h3 Kh4 41. Nc5 Kxh3 42.
Nxe6 Kxg4 43. Ra1 Rb8 44. Rg1+ Kf3 45. Nxg7 a4 46. e6 Rc8 47. Kd3 Nb4+ 48. Kd2 Rc2+ 49. Kd1 Rxb2 50. Rf1+ Kg2 51. Rf6 Nc2 52. e7 Ne3+ 53.
Kc1 Rc2+ 54. Kb1 a3 55. Ra6 a2+ 56. Rxa2 bxa2+ 57. Ka1 Rc8 58. Kxa2 h5 59. Nxh5 Re8 60. Nf4+ Kf3 61. Ng6 Ke4 62. Kb2 Nf5 63. Kc3 Nxe7 64. Ne5 Nf5 65. Kb4 Kxd4 66. Nd7 Rc8 67. Kb5 Rc1 68.
Nb6 Rb1+ 69. Kc6 Rxb6+ 70. Kxb6 Ke3 0-1

[Event "*** Titled Tuesday Blitz"]
[Site "Chess.com"]
[Date "2021.03.09"]
[Round "2"]
[White "BigAl"]
[Black "FlySooHigh"]
[Result "1-0"]
[WhiteElo "2507"]
[BlackElo "2691"]
[TimeControl "180+1"]
[EndTime "10:20:43 PST"]
[Termination "BigAl won by checkmate"]

1. Nf3 Nf6 2. g3 b6 3. Bg2 Bb7 4. O-O c5 5. d3 e6 6. e4 d6 7.
a4 a6 8. Nbd2 Be7 9. Re1 O-O 10.
e5 dxe5 11. Nxe5 Bxg2 12. Kxg2 Qd5+ 13. Qf3 Rc8 14. Ndc4 Qxf3+ 15. Kxf3 Nbd7 16. Nxd7 Nxd7 17. Bf4 Bd8 18. h4 Nf6 19. a5 bxa5 20. Nxa5 Nd5 21. Bd2 Bxa5 22. Rxa5 c4 23. dxc4 Rxc4 24. c3 Kf8 25. b3 Rc6 26. c4 Nf6 27. Bf4 Ke8 28.
Be5 Ke7 29. Rea1 g6 30. c5 Nd5 31. Bd6+ Kf6 32. g4 h5 33. g5+ Kf5 34. Re1 f6 35.
gxf6 Kxf6 36. Ra4 Re8 37. Rea1 Ra8 38. b4 Nc3 39. Ra5 Rac8 40. Rxa6 Nb5 41. Rxc6 Rxc6 42. Ke4 Nxd6+ 43. cxd6 Rxd6 44. b5 Rb6 45. Rb1 g5 46. hxg5+ Kxg5 47. Kd4 h4 48. Kc5 Rb8 49. Re1 Kf5 50.
b6 e5 51. Kc6 Kf4 52. Kc7 Rf8 53. b7 h3 54. Rd1 h2 55. Rh1 Rh8 56. Rxh2 Rxh2 57.
b8=Q Rxf2 58. Kd6 Rd2+ 59. Ke6 Re2 60. Qd6 Re3 61. Qb4+ e4 62. Qf8+ Kg3 63. Ke5 Re2 64. Qf4+ Kg2 65. Kd4 Re1 66. Qg4+ Kf2 67. Qf5+ Kg2 68.
Qg4+ Kf2 69. Qh4+ Kf1 70. Kc3 e3 71. Kd3 Rd1+ 72. Kxe3 Re1+ 73. Kd2 Re2+ 74. Kd1 Rf2 75. Qh1# 1-0

[Event "*** Titled Tuesday Blitz"]
[Site "Chess.com"]
[Date "2021.03.09"]
[Round "2"]
[White "Jan1401"]
[Black "azikom"]
[Result "1/2-1/2"]
[WhiteElo "2424"]
[BlackElo "2644"]
[TimeControl "180+1"]
[EndTime "10:20:44 PST"]
[Termination "Game drawn - insufficient material"]

1. e4 Nf6 2. Nc3 e5 3. f4 exf4 4. e5 Ng8 5. Nf3 d6 6. d4 dxe5 7. dxe5 Qxd1+ 8. Kxd1 Be6 9. Bxf4 Ne7 10. Ng5 Bg4+ 11.
Be2 Bxe2+ 12. Kxe2 h6 13. Nge4 Nbc6 14. Rad1 Nf5 15.
Nb5 Rc8 16. g4 Nh4 17. Rhf1 a6 18. Nbc3 Be7 19. Nd5 Bd8 20. Nc5 Ng6 21. e6 Nxf4+ 22. Rxf4 O-O 23. Nd7 Re8 24. Kf1 fxe6 25. Nc3 b6 26.
Ne4 Be7 27. Ng3 Rcd8 28. Ke2 Bd6 29. Rxd6 cxd6 30. Nxb6 e5 31. Ra4 d5 32. Rxa6 Nd4+ 33. Kd3 Rd6 34. c3 Nf3 35. Nf5 Rf6 36. Ra8 Rxa8 37.
Nxa8 Nxh2 38. a4 Nxg4 39. a5 Rxf5 40. b4 e4+ 41. Kd2 e3+ 42. Ke2 Rf2+ 43. Ke1 Ne5 44. b5 Nf3+ 45. Kd1 Re2 46. Kxe2 d4 47. cxd4 Nxd4+ 48. Kxe3 Nxb5 49. Nb6 Nc7 50. Nd7 Kf7 51. Nc5 g5 52. a6 Kg6 53. a7 Na8 54. Kf3 h5 55. Kg3 Kf5 56. Nd7 h4+ 57. Kh3 Kf4 58. Nc5 Kf3 59.
Nd3 Ke4 60. Nf2+ Kf3 61. Ng4 Kf4 62. Nh6 Ke5 63. Ng4+ Ke6 64. Nh6 Kd7 65. Ng4 Kc7 66. Nf6 Kb7 67. Ne4 g4+ 68. Kxg4 Kxa7 69. Kxh4 1/2-1/2

[Event "*** Titled Tuesday Blitz"]
[Site "Chess.com"]
[Date "2021.03.09"]
[Round "2"]
[White "ukchessbomber"]
[Black "DenLaz"]
[Result "0-1"]
[WhiteElo "2536"]
[BlackElo "2841"]
[TimeControl "180+1"]
[EndTime "10:20:45 PST"]
[Termination "DenLaz won by resignation"]

1. d4 d5 2. c4 c6 3. Nc3 Nf6 4. cxd5 cxd5 5. Bf4 Nc6 6. e3 Bf5 7. Qb3 Na5 8. Qa4+ Bd7 9. Qc2 e6 10. Bd3 Be7 11. Nf3 Nc6 12. a3 Nh5 13. Be5 f6 14. Bg3 f5 15. O-O Nxg3 16. hxg3 O-O 17. b4 Rc8 18. Qb3 Kh8 19. Na4 Rc7 20. Nc5 Bc8 21.
Rac1 Bd6 22. Qa4 Re7 23. Bb5 Nb8 24. Ne5 g5 25. Ncd3 a6 26. f4 axb5 27. Qxb5 g4 28. Rc2 Bd7 29. Nxd7 Qxd7 30. Qb6 Qd8 31. Qb5 Rff7 32.
Rfc1 Rc7 33. Rxc7 Bxc7 34. Nc5 Qe7 35. Qxb7 Bxf4 36. exf4 Qxb7 37. Nxb7 Rxb7 38. Rc8+ Kg7 39. Re8 Kf6 40. Rc8 Nd7 41. Rc6 Nb6 42. b5 Na4 43. Ra6 Nc3 44. a4 Ne2+ 45. Kf2 Nxd4 46. b6 Nc6 47. a5 Nxa5 48. Rxa5 Rxb6 49. Ra8 Rb2+ 50. Kf1 Rb7 51. Rf8+ Rf7 52. Rc8 Re7 53. Rc6 Ra7 54. Rd6 Ke7 55. Rb6 Ra1+ 56. Kf2 Ra2+ 57. Kf1 h5 58.
Rb7+ Kd6 59. Rb6+ Kd7 60. Kg1 Rc2 61. Kf1 Rc6 62. Rb7+ Kd6 63. Rh7 Rc1+ 64. Kf2 Rc2+ 65. Kf1 d4 66. Rxh5 d3 67. Rh8 Kd5 68. Rd8+ Ke4 69. Re8 Rc1+ 70. Kf2 d2 71. Rxe6+ Kd5 72. Re8 d1=Q 73. Rd8+ Ke6 74. Rxd1 Rxd1 75. Ke3 Ra1 76. Kf2 Ra3 77. Kg1 Rxg3 78. Kh2 Ra3 79. Kg1 g3 80. Kf1 Ra2 81. Ke1 Rxg2 82. Kf1 Ra2 83. Kg1 Kd5 84. Kf1 Ke4 85. Kg1 Kf3 0-1

[Event "*** Titled Tuesday Blitz"]
[Site "Chess.com"]
[Date "2021.03.09"]
[Round "2"]
[White "QuintilianoR"]
[Black "crazy_but_lazy"]
[Result "0-1"]
[WhiteElo "2696"]
[BlackElo "2512"]
[TimeControl "180+1"]
[EndTime "10:20:45 PST"]
[Termination "crazy_but_lazy won by resignation"]

1. d4 d5 2. c4 e5 3. dxe5 Ne7 4.
Nf3 Nbc6 5. g3 Bg4 6. Bg2 Bxf3 7.
Bxf3 Nxe5 8. Bxd5 c6 9. Bg2 Qxd1+ 10. Kxd1 Nxc4 11. b3 Rd8+ 12. Kc2 Ne5 13. Bb2 N7g6 14. h3 f6 15. Nd2 Bb4 16. Rad1 O-O 17. f4 Nf7 18. e4 Nd6 19. a3 Bc5 20. Rhf1 Nb5 21.
b4 Nd4+ 22. Kb1 Bb6 23. Rde1 Rfe8 24. Nc4 Bc7 25. h4 Nf8 26. h5 Nfe6 27. Ne3 a5 28. Bh3 axb4 29. axb4 Nb3 30. Bc1 Ned4 31. Nc2 Nxc1 32. Kxc1 Bb6 33. Rd1 Nb3+ 34. Kb2 Nd2 35. Rfe1 Bf2 36. Re2 Nc4+ 37. Kc3 Rxd1 38. Rxf2 Nb6 39.
Re2 Rg1 40. Re3 Rd8 41. Be6+ Kf8 42. Bb3 Re8 43. e5 Nd5+ 44. Bxd5 cxd5 45. Nd4 fxe5 46. fxe5 Rh1 47. Rf3+ Kg8 48. g4 Rg1 49. Nf5 Rxg4 50. h6 Rg6 51. hxg7 Rxe5 52. Kd4 Rxf5 53. Rxf5 Kxg7 54. Rxd5 Rb6 55. Kc5 Rc6+ 56. Kb5 Rc7 57. Kb6 Rf7 58. Rc5 Kg6 59. b5 h5 60. Rc7 Rxc7 61.
Kxc7 h4 62. b6 h3 63. Kxb7 h2 64. Ka7 h1=Q 65. b7 Qa1+ 66. Kb8 Qd4 67. Kc7 Qc5+ 68. Kd7 Qb6 69. Kc8 Qc6+ 70. Kb8 Kf6 71. Ka7 Qc7 72.
Ka8 Qa5+ 73. Kb8 Ke6 74. Kc8 Qc5+ 75. Kd8 Qb6+ 76. Kc8 Qc6+ 77. Kb8 Kd7 78. Ka8 Qa4+ 79. Kb8 Qb5 80. Ka8 Kc7 0-1

[Event "*** Titled Tuesday Blitz"]
[Site "Chess.com"]
[Date "2021.03.09"]
[Round "2"]
[White "dropstoneDP"]
[Black "Nuvas"]
[Result "1/2-1/2"]
[WhiteElo "2898"]
[BlackElo "2566"]
[TimeControl "180+1"]
[EndTime "10:20:51 PST"]
[Termination "Game drawn by repetition"]

1. d4 d5 2. c4 c6 3. Nf3 Nf6 4. Nc3 e6 5. Bd2 Nbd7 6. e3 Bd6 7. Bd3 a6 8. O-O O-O 9. cxd5 exd5 10. Re1 Re8 11.
h3 Nf8 12. Qc2 g6 13. Rad1 Ne6 14. a3 Ng7 15. e4 dxe4 16. Nxe4 Nxe4 17. Bxe4 Bf5 18.
Bg5 Qd7 19. Ne5 Bxe4 20. Rxe4 Qf5 21. Bf4 f6 22. Ng4 Bxf4 23. Rxe8+ Rxe8 24. Qxf5 Nxf5 25. Nxf6+ Kf7 26. Nxe8 Kxe8 27. Kf1 Kd7 28. Ke2 Bg5 29.
Kd3 Bf6 30. g4 Ne7 31. f4 Nd5 32. Ke4 Kd6 33. g5 Bg7 34. h4 Ne7 35. h5 Nf5 36. h6 Bh8 37. d5 Bxb2 38. dxc6+ Kxc6 39. Rd8 b5 40. Ra8 Kb6 41. Rb8+ Kc6 42. Ra8 Kb7 43. Rf8 Nd6+ 44. Kd5 Bxa3 45. Rh8 b4 46. Rxh7+ Kb6 47. Re7 b3 48. Re3 b2 49. Rb3+ Kc7 50. h7 Nf7 51. Ke6 Nh8 52. Kf6 Bc5 53. Kg7 Bd4+ 54.
Kg8 a5 55. Rb5 Kc6 56. Rb8 a4 57. f5 gxf5 58. Rb4 Kc5 59. Rxd4 Kxd4 60. Kxh8 b1=Q 61. g6 Qb8+ 62. Kg7 Qc7+ 63. Kh6 Qh2+ 64. Kg7 Qe5+ 65. Kg8 Qe8+ 66. Kg7 Qe7+ 67. Kg8 Qe8+ 68. Kg7 Qd7+ 69.
Kg8 Qd8+ 70. Kg7 Qc7+ 71. Kg8 Qc8+ 72. Kg7 Qd7+ 73. Kg8 Qe6+ 74. Kg7 Qe7+ 75. Kg8 Qe8+ 1/2-1/2

[Event "*** Titled Tuesday Blitz"]
[Site "Chess.com"]
[Date "2021.03.09"]
[Round "2"]
[White "Anton_Demchenko"]
[Black "MFBerna"]
[Result "1/2-1/2"]
[WhiteElo "2879"]
[BlackElo "2369"]
[TimeControl "180+1"]
[EndTime "10:20:54 PST"]
[Termination "Game drawn by repetition"]

1. e4 c6 2. d4 d5 3. Nd2 dxe4 4.
Nxe4 Nf6 5. Nxf6+ exf6 6. Nf3 Bd6 7. Bd3 O-O 8. O-O Qc7 9. c4 Bg4 10. h3 Bh5 11. Bf5 Nd7 12. Qd3 Bg6 13. Nh4 Rad8 14. Rd1 Rfe8 15. Qf3 Nf8 16. g4 Ne6 17. Bxe6 Rxe6 18.
Nxg6 hxg6 19. Be3 Rde8 20. d5 cxd5 21. cxd5 R6e7 22. Rac1 Qa5 23. a3 Qa4 24. Rd3 a6 25. Kg2 Qb5 26. Rd2 g5 27. Rh1 Re4 28. Rhd1 Qb3 29.
Ba7 Qb5 30. Be3 Qb3 31. Bd4 Qb5 32. Bc3 Rf4 33. Qd3 Qb6 34. Bd4 Qa5 35. Be3 Rfe4 36. Rc2 Qa4 37. b4 Qd7 38. Rcd2 f5 39. Bxg5 fxg4 40.
h4 Qf5 41. Re2 f6 42. Rxe4 Rxe4 43. Bc1 Qe5 44. Qg3 Qxg3+ 45. fxg3 Re2+ 46. Kf1 Ra2 47. Bf4 Bxf4 48. gxf4 Kf7 49. d6 Ke8 50. Re1+ Kd8 51. Re7 Rxa3 52. Rxg7 Rf3+ 53. Kg2 Rxf4 54. h5 Rf5 55. h6 Rh5 56. h7 f5 57. Rg8+ Kd7 58. h8=Q Rxh8 59. Rxh8 Kxd6 60. Kg3 Kc6 61. Rh5 Kb5 62.
Rh7 Kxb4 63. Rxb7+ Kc4 64. Ra7 Kb5 65. Kf4 a5 66. Kxf5 g3 67. Rg7 a4 68. Rxg3 Kb4 69.
Ke4 a3 70. Rg8 Kb3 71. Rb8+ Kc2 72. Ra8 Kb2 73. Kd3 a2 74. Rb8+ Kc1 75. Rc8+ Kb1 76. Rb8+ Kc1 77. Ra8 Kb1 78. Rb8+ Kc1 1/2-1/2

[Event "*** Titled Tuesday Blitz"]
[Site "Chess.com"]
[Date "2021.03.09"]
[Round "2"]
[White "kakakz"]
[Black "Chesswizard_2007"]
[Result "1-0"]
[WhiteElo "2407"]
[BlackElo "2689"]
[TimeControl "180+1"]
[EndTime "10:20:55 PST"]
[Termination "kakakz won by resignation"]

1. g3 h5 2. Bg2 h4 3. Nf3 h3 4. Bf1 d5 5. d3 Nc6 6. d4 Bg4 7. Bf4 Nf6 8. Nbd2 e6 9. Ne5 Bd6 10. c3 Bxe5 11. dxe5 Nd7 12. Qb3 Rb8 13. Nf3 Bxf3 14.
exf3 g5 15. Be3 Ndxe5 16. Be2 Qf6 17. O-O-O Nxf3 18. c4 d4 19. Bd2 Nxd2 20. Rxd2 Qe7 21.
Bf3 O-O 22. Bg4 f5 23. Bxh3 e5 24. Bg2 e4 25. Re1 Qc5 26. g4 Ne5 27. gxf5 Nd3+ 28.
Rxd3 exd3 29. Bd5+ Kg7 30. Qxd3 Rbe8 31. Rg1 Kf6 32. h4 c6 33. hxg5+ Ke7 34. Be6 Kd8 35. g6 Rxe6 36. fxe6 Ke7 37. g7 Rg8 38. Qh7 Qxc4+ 39. Kb1 Qxe6 40. Qh4+ Qf6 41. Qe4+ Kf7 42. Rg3 Qh6 43.
Rf3+ Kxg7 44. Qxd4+ Kh7 45. Qe4+ Kh8 46. Qe5+ Rg7 47.
Qe8+ Kh7 48. Qe4+ Qg6 49. Rh3+ Kg8 50. Qxg6 Rxg6 51. Rf3 Rg1+ 52. Kc2 Ra1 53. a3 a5 54. Kb3 b5 55. Rc3 a4+ 56. Kc2 Rf1 57. Rxc6 Rxf2+ 58. Kc3 Rf3+ 59. Kc2 Kf7 60. Rc5 Rb3 61. Rc3 b4 62.
Rxb3 axb3+ 63. Kxb3 bxa3 64. Kxa3 Ke6 65. Kb4 Kd6 66. Kb5 Kc7 67. Kc5 Kb7 68. b3 Kc7 69. Kb5 Kb7 70. b4 Kb8 71. Kb6 Ka8 72. Kc7 Ka7 73. b5 Ka8 74. Kb6 Kb8 75. Ka6 Kc7 76.
Ka7 Kd6 77. b6 1-0

[Event "*** Titled Tuesday Blitz"]
[Site "Chess.com"]
[Date "2021.03.09"]
[Round "2"]
[White "esrosenberg"]
[Black "Vamostodorecto"]
[Result "1-0"]
[WhiteElo "2143"]
[BlackElo "2389"]
[TimeControl "180+1"]
[EndTime "10:20:55 PST"]
[Termination "esrosenberg won on time"]

1. Nf3 d5 2. c4 Nf6 3. cxd5 Nxd5 4. d4 g6 5. e4 Nb6 6. h3 Bg7 7. Nc3 O-O 8. a4 a5 9. Bg5 Nc6 10. d5 Nb4 11. Be2 h6 12. Bf4 e6 13. d6 cxd6 14.
Bxd6 Nc2+ 15. Qxc2 Qxd6 16. O-O Qb4 17. Rfd1 Bd7 18.
Bb5 Bxb5 19. axb5 Rac8 20. e5 Nc4 21. Rd4 Qxb2 22. Qxb2 Nxb2 23. Ne4 a4 24. Nd6 Rc5 25. Rb4 Nd3 26. Rbxa4 Nxe5 27. Nxe5 Bxe5 28. Rd1 Bxd6 29. Rxd6 Rxb5 30. Rd7 Rb1+ 31. Kh2 b5 32. Raa7 b4 33. Rab7 b3 34. Rd3 b2 35. Rd2 h5 36. Rdxb2 Rxb2 37. Rxb2 Kg7 38. Rb7 Kf6 39. h4 Rd8 40. g3 Rd2 41.
Kg2 e5 42. Rb6+ Kf5 43. Rb7 f6 44. Rb3 e4 45. Rb5+ Ke6 46. Rb6+ Ke5 47. Kf1 Kf5 48. Ke1 Ra2 49. Rc6 g5 50. hxg5 fxg5 51. Rh6 Kg4 52. Re6 Kf3 53. Rf6+ Kg2 54. Rf5 h4 55. gxh4 gxh4 56.
Rg5+ Kf3 57. Rf5+ Kg4 58. Rf8 h3 59. Rg8+ Kf4 60. Rf8+ Kg4 61. Rg8+ Kf5 62. Rf8+ Ke5 63. Rh8 Ra3 64. Rh5+ Kf4 65. Ke2 Ra2+ 66. Ke1 Ra3 67. Ke2 Kg4 68. Rh8 Kf4 69. Rf8+ Ke5 70. Re8+ Kd4 71.
Rd8+ Ke5 72. Re8+ Kf6 73. Rh8 Kg7 74. Rh4 1-0

[Event "*** Titled Tuesday Blitz"]
[Site "Chess.com"]
[Date "2021.03.09"]
[Round "2"]
[White "Sergey85Rodchenkov"]
[Black "PavelShkapenko"]
[Result "0-1"]
[WhiteElo "2489"]
[BlackElo "2706"]
[TimeControl "180+1"]
[EndTime "10:20:56 PST"]
[Termination "PavelShkapenko won on time"]

1. e4 e5 2. Nf3 Nc6 3. Bc4 Be7 4.
d3 d6 5. c3 Nf6 6. O-O O-O 7.
Re1 Be6 8. Bb3 Qd7 9. Nbd2 Rad8 10. Nf1 Bxb3 11. Qxb3 Qc8 12. d4 Rfe8 13. Ng3 Nd7 14.
Be3 Bf6 15. Rad1 g6 16. h3 exd4 17. cxd4 Nb6 18. Rc1 Qd7 19. a3 Qe7 20. Qd3 Qf8 21. b4 Rc8 22. b5 Nb8 23. Qb3 h5 24. h4 N6d7 25. a4 Bg7 26. a5 Nf6 27. Bg5 Nh7 28. Bf4 Nd7 29. Re3 Nhf6 30. Bg5 Re6 31. d5 Ree8 32. Qc2 Nc5 33. Rce1 Ng4 34. R3e2 Ra8 35. Bd2 Ne5 36. Nxe5 Bxe5 37. f4 Bd4+ 38. Kh2 Nd7 39.
Bc3 Bxc3 40. Qxc3 Rac8 41. e5 Qg7 42. Qd4 Nc5 43. Ne4 Nxe4 44. Rxe4 Re7 45. Qxa7 Rce8 46. Qxb7 dxe5 47. fxe5 Rxe5 48. Rxe5 Rxe5 49. Rxe5 Qxe5+ 50. g3 Qe2+ 51. Kh1 Qe1+ 52. Kh2 Qxa5 53. Qc6 Qd2+ 54.
Kh3 Qe1 55. Kh2 Qe2+ 56. Kh1 Qf3+ 57. Kh2 Qf2+ 58. Kh3 Qg1 59. Qe8+ Kg7 60. Qe5+ Kh7 61. Qe4 Qf1+ 62. Kh2 Qxb5 63. Qf4 Qd7 64. Qe5 Kg8 65. Kg2 Qd6 66. Qe8+ Kg7 67. Qe4 Kf6 68. Kh2 Qe5 69.
Qc4 Ke7 70. Qc5+ Qd6 71. Qe3+ Kf8 72. Qe4 Kg8 73. Qe8+ Kg7 74. Qe4 Qf6 75. Qg2 Qd4 0-1

[Event "*** Titled Tuesday Blitz"]
[Site "Chess.com"]
[Date "2021.03.09"]
[Round "2"]
[White "SamuelGhimpu2003"]
[Black "ViktoriyaTarasova"]
[Result "0-1"]
[WhiteElo "2597"]
[BlackElo "2321"]
[TimeControl "180+1"]
[EndTime "10:20:57 PST"]
[Termination "ViktoriyaTarasova won by resignation"]

1. e4 e5 2. Nf3 Nc6 3. Bc4 Bc5 4. c3 Nf6 5. d4 exd4 6. e5 d5 7.
Bb5 Ne4 8. cxd4 Bb6 9. Nc3 O-O 10. Be3 Ne7 11. Qc2 Nxc3 12. Qxc3 c6 13. Bd3 Bf5 14. O-O Qd7 15. Rab1 Bxd3 16. Qxd3 Nf5 17. b4 a6 18. a4 h6 19. Rfe1 Rfe8 20. h3 Ne7 21.
Bd2 Ng6 22. Nh2 Nh4 23. f4 Qf5 24. Qc3 Qg6 25. g4 Nf5 26. Be3 Ng3 27. f5 Nxf5 28.
Nf3 Ne7 29. Bf4 Qe6 30. Kg2 Qd7 31. e6 fxe6 32. Ne5 Qd8 33. Qe3 Bc7 34. Bxh6 Bxe5 35. dxe5 Ng6 36. Bg5 Qd7 37. Qd4 Rf8 38. h4 Ne7 39. h5 Nc8 40. a5 Na7 41. Rf1 Nb5 42. Qd3 Rxf1 43. Rxf1 Rf8 44. Rxf8+ Kxf8 45. Qh7 Qf7 46.
Qh8+ Qg8 47. Be7+ Kf7 48. Qxg8+ Kxg8 49. g5 Kf7 50. Bc5 Nc3 51. g6+ Kg8 52. Kf3 Ne4 53.
Bd4 Ng5+ 54. Kf4 Ne4 55. Ke3 Ng5 56. Kf4 Ne4 57. Kg4 Nd2 58. Bc5 Ne4 59. Kf3 Nd2+ 60. Ke3 Nc4+ 61. Kd4 Kh8 62. Be7 Kg8 63. Bd6 Kh8 64.
Kc5 Kg8 65. Be7 Kh8 66. Bd6 Kg8 67. Kd4 Kh8 68. Kd3 Kg8 69. Ke2 Kh8 70. Kf3 Kg8 71. Kg4 Kh8 72. Kg5 Nd2 73. h6 Ne4+ 74. Kh5 gxh6 75. Kxh6 Kg8 76. Bc5 Nxc5 77. bxc5 d4 78. Kg5 d3 0-1

[Event "*** Titled Tuesday Blitz"]
[Site "Chess.com"]
[Date "2021.03.09"]
[Round "2"]
[White "SF-96"]
[Black "BillieKimbah"]
[Result "0-1"]
[WhiteElo "2541"]
[BlackElo "2875"]
[TimeControl "180+1"]
[EndTime "10:21:03 PST"]
[Termination "BillieKimbah won by resignation"]

1. e4 e5 2. Nf3 Nc6 3. Bb5 a6 4. Ba4 Nf6 5. O-O Bc5 6. Nxe5 Nxe5 7. d4 b5 8. Bb3 Bxd4 9. Qxd4 d6 10. f4 Nc6 11. Qd3 O-O 12. a4 Bb7 13. Nc3 Nb4 14. Qd2 bxa4 15. Rxa4 a5 16. e5 Nd7 17. exd6 Nc5 18. Ra1 cxd6 19. Qf2 a4 20. Bc4 Ne4 21. Nxe4 Bxe4 22. c3 Nc2 23. Ra2 d5 24. Be2 d4 25. cxd4 Nxd4 26. Rd1 Nxe2+ 27. Qxe2 Qe7 28. Re1 Rfe8 29. Bd2 Qb7 30. Bc3 Bc6 31. Qf2 Rxe1+ 32. Bxe1 Rd8 33. Ra1 h5 34. Bc3 Re8 35. Re1 Rxe1+ 36.
Bxe1 f6 37. Bc3 Qd7 38. h3 Qd5 39. Kh2 Kf7 40. Qg3 Kf8 41. Qf2 Qe4 42. Qc5+ Kg8 43. Qf2 h4 44. f5 Kf7 45. Qd2 Kg8 46. Qd8+ Kh7 47. Qd2 Qxf5 48. Qe3 Qd5 49. Qf2 Kg8 50. Qe2 Kf7 51. Qf2 Qe4 52. Qd2 Bd5 53. Qf2 Kg8 54.
Qd2 Kh7 55. Qf2 Kh8 56. Qd2 Bc6 57. Qf2 Kg8 58. Be1 Qd5 59. Bc3 Qd6+ 60. Kh1 Qd3 61.
Kh2 a3 62. Qc5 Qe4 63. Qf2 a2 64. b4 Qd3 65. Qd4 Qxd4 66. Bxd4 Kf7 67. Kg1 g5 68. Kf2 f5 69. g3 hxg3+ 70. Kxg3 Ke6 71. h4 f4+ 72.
Kg4 f3 73. Kg3 gxh4+ 74. Kf2 Be4 75. Ba1 Kd5 76. b5 Kc5 77. Ke3 Kxb5 78. Kf2 0-1

[Event "*** Titled Tuesday Blitz"]
[Site "Chess.com"]
[Date "2021.03.09"]
[Round "2"]
[White "C_K_G"]
[Black "PavelChernomordik"]
[Result "1/2-1/2"]
[WhiteElo "2021"]
[BlackElo "2372"]
[TimeControl "180+1"]
[EndTime "10:21:19 PST"]
[Termination "Game drawn by repetition"]

1. e4 g6 2. Nf3 Bg7 3. c3 d6 4. Bd3 c5 5. Bc2 Nc6 6. O-O Nf6 7. h3 O-O 8. Re1 e5 9. a3 Nh5 10. d4 Qc7 11. d5 Ne7 12. Nbd2 Nf4 13. Nf1 h6 14.
Bxf4 exf4 15. e5 Nf5 16. e6 fxe6 17. dxe6 Qe7 18. Qd5 Rb8 19. Rad1 b5 20. Bxf5 Bb7 21. Qxd6 Qxd6 22. Rxd6 Rxf5 23. e7 Re8 24. Nh4 Rf6 25.
Rxf6 Bxf6 26. Nxg6 f3 27. gxf3 Kf7 28. Ne5+ Kg7 29.
Nd7 Rxe7 30. Rxe7+ Bxe7 31. Kg2 Kf7 32. Ne5+ Ke6 33.
Nd3 Kd5 34. Ne3+ Ke6 35. Kg3 a5 36. f4 c4 37. Nc1 Bc5 38. Ne2 Be4 39. Kg4 b4 40.
axb4 axb4 41. f5+ Kf6 42. Ng3 Bd3 43. Nd5+ Ke5 44. Nxb4 Bxf2 45. Kf3 Bxg3 46. Kxg3 Bxf5 47. h4 Ke4 48. Nc6 Ke3 49. Nd4 Bd7 50. h5 Kd2 51. Kf4 Be8 52. Ke5 Bxh5 53. Kd5 Bf7+ 54. Kc5 Kc1 55. Kb4 Kxb2 56. Nf5 h5 57. Nh4 Kc2 58. Nf5 Kd3 59. Nh4 Ke4 60. Kc5 Kf4 61. Kd4 Kg3 62.
Nf5+ Kg4 63. Nh6+ Kg3 64. Nxf7 h4 65. Ng5 Kg4 66. Ne4 Kf3 67. Ng5+ Kg4 68. Ne4 Kf3 69. Nd2+ Kg2 70. Ke3 h3 71. Nf3 Kg3 72. Ke2 Kf4 73.
Kf2 Ke4 74. Ke2 Kf4 75. Kf2 Ke4 76. Ke2 Kf4 1/2-1/2